 Dungeon Crawl Stone Soup version 0.28-a0-1374-ga75cb3825e (webtiles) character file.

Game seed: 5670489223511425859

107 halftheisland the Cudgeller (level 4, 0/67 HPs)
             Began as a Troll Berserker on Dec 31, 2021.
             Was a Believer of Trog.
             Killed by divine providence
             ... invoked by an orc priest
              (11 damage)
             ... on level 3 of the Dungeon.
             The game lasted 00:06:28 (1565 turns).

halftheisland the Cudgeller (Troll Berserker)       Turns: 1565, Time: 00:06:29

Health: 0/67       AC:  4    Str: 25    XL:     4   Next: 57%
Magic:  3/3        EV: 10    Int:  3    God:    Trog [**....]
Gold:   86         SH:  0    Dex: 11    Spells: 3/3 levels left

rFire   . . .      SeeInvis +   a - +0 mace
rCold   + . .      Faith    .   (no shield)
rNeg    . . .      Spirit   .   b - +0 animal skin
rPois   .          Reflect  .   (helmet restricted)
rElec   .          Harm     .   (no cloak)
rCorr   .          Rampage  .   (gloves unavailable)
Will    .....                   (boots unavailable)
Stlth   ..........              (no amulet)
HPRegen 1.01/turn               d - ring of see invisible
MPRegen 0.08/turn               h - ring of protection from cold

@: berserking, very quick
A: large, unfitting armour, claws 3, regeneration 1, shaggy fur 1, tough skin 1
a: Renounce Religion, Berserk, Trog's Hand


You were on level 3 of the Dungeon.
You worshipped Trog.
Trog was pleased with you.
You visited 1 branch of the dungeon, and saw 3 of its levels.

You collected 86 gold pieces.

Inventory:

Hand Weapons
 a - a +0 mace (weapon)
Missiles
 e - 2 atropa-tipped darts (quivered)
Armour
 b - a +0 animal skin (worn)
Jewellery
 d - a ring of see invisible (left claw)
 h - a ring of protection from cold (right claw)
Scrolls
 c - a scroll of identify
 g - a scroll of teleportation
Potions
 f - a potion of lignification
 i - a potion of flight
 j - a potion of magic {unknown}


   Skills:
 * Level 3.2 Fighting
 * Level 4.3 Maces & Flails
 - Level 2.4 Dodging


You had 3 spell levels left.
You didn't know any spells.
Your spell library was empty.

Dungeon Overview and Level Annotations

Branches:
Dungeon (3/15)

Altars:


Innate Abilities, Weirdness & Mutations

You are too large for most types of armour.
You have claws for hands.
Your natural rate of healing is unusually fast.
You are covered in fur. (AC +1)
You have tough skin. (AC +1)


Message History

You sock the endoplasm!
You kill the endoplasm!
Trog accepts your kill.
You barely miss the worm. The worm barely misses you.
You completely miss the worm. You barely miss the worm. The worm bites you.
You barely miss the worm. The worm bites you!
You hit the worm.
The worm is moderately wounded.
The worm barely misses you.
You sock the worm!
The worm is heavily wounded.
You hit the worm.
The worm is severely wounded.
The worm bites you.
You sock the worm!
You kill the worm!
Trog accepts your kill.
You see here a worm corpse.
You see here 28 sling bullets.
An orc priest comes into view. It is wielding a +0 mace.
The orc priest calls down the wrath of Beogh upon you.
Beogh smites you!
You hear a shout!
The orc priest mumbles some strange prayers to Beogh against you.
Beogh smites you!
You hear a shout!
You barely miss the orc priest.
You hear a shout!
The orc priest mumbles some strange prayers to Beogh against you.
Beogh smites you!
* * * LOW HITPOINT WARNING * * *
The orc priest misses you.
You barely miss the orc priest. The orc priest hits you with a +0 mace.
* * * LOW HITPOINT WARNING * * *
A red film seems to cover your vision as you go berserk!
You feel yourself moving faster!
You feel mighty!
The orc priest mumbles some strange prayers to Beogh against you.
Beogh smites you!
You die...

#. #.# # #.# #
#.####.# .#
#.#....####.###
♣............###
#.#...@.......# #♣
♣.....o.#.#.#.#
#..###...#.#.#.#(#
...♣......#.#.#.#.#
#............#...#
#.#######.(†.....#
# #...###..#
#)..###..#
.....##...#


You could see an orc priest.

Vanquished Creatures
  4 adders (D:2)
  A worm (D:3)
  3 dart slugs
  4 orcs (D:2)
  5 endoplasms
  5 giant cockroaches (D:1)
  3 goblins
  3 hobgoblins
  2 jackals (D:2)
  A kobold (D:1)
  3 quokkas
  6 ball pythons
  9 bats
  2 frilled lizards (D:2)
  4 rats
55 creatures vanquished.

Notes
Turn   | Place    | Note
-------+----------+-------------------------------------------
     0 | D:1      | halftheisland the Troll Berserker began the quest for the
                  | Orb.
     0 | D:1      | Reached XP level 1. HP: 22/22 MP: 0/0
    91 | D:1      | Reached skill level 3 in Maces & Flails
   156 | D:1      | Reached XP level 2. HP: 29/29 MP: 1/1
   508 | D:2      | Reached ** piety under Trog
   526 | D:2      | Reached XP level 3. HP: 36/36 MP: 2/2
   755 | D:2      | Reached XP level 4. HP: 44/45 MP: 3/3
   775 | D:2      | Reached skill level 4 in Maces & Flails
  1565 | D:3      | Killed from afar by an orc priest

Illustrated notes

Levels and vault maps discovered:
D:1:      zelgadis_glass_arrival_small, layout_rooms
D:2:      layout_basic, amcnicky_mini_corridor_feature
D:3:      layout_loops_ring, marbit_many_paths, gup_sewer_entry_bowl,
          serial_shops, nicolae_shop_trees, corexii_corridor_pit,
          minmay_misc_feat_square, grunt_decor_resistance,
          uniq_crazy_yiuf_cottage, uniq_jessica, uniq_terence, uniq_ijyb

Skill      XL: |  1  2  3  4 |
---------------+-------------+-----
Maces & Flails | 3 4 |  4.3
Fighting       | 3 |  3.2
Dodging        | |  2.4

Action                   |  1- 3 |  4- 6 || total
-------------------------+-------+-------++-------
Melee: Mace              |   121 |    61 ||   182
Invok: Berserk           |       |     1 ||     1
  Use: Scroll            |     4 |       ||     4
       Potion            |       |     1 ||     1
 Stab: Sleeping          |       |     1 ||     1
Armor: Animal skin       |    89 |    21 ||   110
Dodge: Dodged            |   110 |    27 ||   137

Table legend: (Time is in decaauts)
 A = Elapsed time spent in this place.
 B = Non-inter-level travel time spent in this place.
 C = Inter-level travel time spent in this place.
 D = Time resting spent in this place.
 E = Time spent auto-exploring this place.
 F = Levels seen in this place.
 G = Mean time per level.
                   A        B        C        D        E       F      G
               +--------+--------+--------+--------+--------+-----+--------+
         Total |   1604 |   1569 |     35 |    191 |    750 |   3 |  534.7 |
       Dungeon |   1604 |   1569 |     35 |    191 |    750 |   3 |  534.7 |
               +--------+--------+--------+--------+--------+-----+--------+

Top non-repeatable levels by time:
     D:2: 946 daAuts
     D:1: 513 daAuts
     D:3: 144 daAuts
